 Dungeon Crawl Stone Soup version 0.29-a0-284-gf9362112df (webtiles) character file.

Game seed: 6774035231376544368

150 Krypt the Shield-Bearer (level 5, 0/42 HPs)
             Began as a Formicid Fighter on Mar 28, 2022.
             Killed from afar by Crazy Yiuf (4 damage)
             ... with a puff of flame
             ... on level 3 of the Dungeon.
             The game lasted 00:09:05 (3580 turns).

Krypt the Shield-Bearer (Formicid Fighter)          Turns: 3580, Time: 00:09:06

Health: 0/42       AC:  8    Str: 21    XL:     5   Next: 58%
Magic:  5/5        EV:  8    Int:  7    God:
Gold:   164        SH:  9    Dex: 12    Spells: 4/4 levels left

rFire   + . .      SeeInvis +   a - +0 war axe
rCold   . . .      Faith    .   h - +0 kite shield
rNeg    . . .      Spirit   .   b - +0 scale mail
rPois   +          Reflect  .   (helmet unavailable)
rElec   .          Harm     .   (no cloak)
rCorr   .          Rampage  .   m - +0 pair of gloves
Will    .....                   (no boots)
Stlth   ..........              (no amulet)
HPRegen 0.14/turn               (no ring)
MPRegen 0.09/turn               (no ring)

@: no status effects
A: permanent stasis, dig shafts and tunnels, antennae 3, four strong arms, fire
resistance 1, poison resistance
a: Dig, Shaft Self


You were on level 3 of the Dungeon.
You visited 1 branch of the dungeon, and saw 3 of its levels.

You collected 164 gold pieces.

Inventory:

Hand Weapons
 a - a +0 war axe (weapon)
Missiles
 p - 4 boomerangs (quivered)
Armour
 b - a +0 scale mail (worn)
 c - a +0 buckler
 h - a +0 kite shield (worn)
 m - a +0 pair of gloves (worn)
Magical Staves
 n - a staff of poison
Scrolls
 j - a scroll of immolation
 q - a scroll of fog {unknown}
 r - a scroll of teleportation
Potions
 e - a potion of haste {unknown}
 f - a potion of degeneration {unknown}
 g - a potion of mutation
 k - a potion of lignification {unknown}
 l - a potion of curing {unknown}
 o - a potion of invisibility {unknown}


   Skills:
 + Level 3.9 Fighting
 + Level 3.8 Axes
 + Level 4.1 Armour
 + Level 0.4 Dodging
 + Level 0.1 Stealth
 + Level 4.3 Shields


You had 4 spell levels left.
You didn't know any spells.
Your spell library contained the following spells:

 Spells                   Type           Power      Damage    Failure   Level
 Gell's Gravitas          Tloc           0%         N/A       100%        3
 Lesser Beckoning         Tloc           0%         N/A       100%        3
 Teleport Other           Tloc           0%         N/A       100%        3


Dungeon Overview and Level Annotations

Branches:
Dungeon (3/15)

Altars:

Shops:
D:2 *

Annotations:
D:3 Crazy Yiuf


Innate Abilities, Weirdness & Mutations

You cannot be hasted, slowed, berserked, paralysed or teleported.
You can dig through walls and to a lower floor.
You have a pair of large antennae on your head. (SInv)
Your four strong arms can wield two-handed weapons with a shield.
Your flesh is heat resistant. (rF+)
Your system is resistant to poisons. (rPois)


Message History

Crazy Yiuf draws strength from your wounds!
You have turned to stone.
Crazy Yiuf grits, "Ice!
Mama wrapper arm."
Crazy Yiuf hits you with a +3 quarterstaff of chaos!
Crazy Yiuf burns you.
* * * LOW HITPOINT WARNING * * *
Crazy Yiuf zaps a wand.
The puff of flame hits you. You resist.
* * * LOW HITPOINT WARNING * * *
Crazy Yiuf hits you with a +3 quarterstaff of chaos.
* * * LOW HITPOINT WARNING * * *
Crazy Yiuf zaps a wand.
The puff of flame hits you. You resist.
* * * LOW HITPOINT WARNING * * *
Crazy Yiuf zaps a wand.
The puff of flame hits you. You resist.
* * * LOW HITPOINT WARNING * * *
Crazy Yiuf hits you with a +3 quarterstaff of chaos.
* * * LOW HITPOINT WARNING * * *
You are confused.
You turn to flesh and can move again.
You bump into the rock wall.
You feel less confused.
Crazy Yiuf zaps a wand.
The puff of flame hits you. You resist.
* * * LOW HITPOINT WARNING * * *
Crazy Yiuf zaps a wand.
You block the puff of flame.
You see here a +0 mace.
You see here a +0 mace.
Crazy Yiuf zaps a wand.
You block the puff of flame.
You see here a +0 mace.
Crazy Yiuf says, "Trifle tortoise action!"
Crazy Yiuf zaps a wand.
The puff of flame hits you. You resist.
* * * LOW HITPOINT WARNING * * *
You feel a little less mighty now.
Crazy Yiuf zaps a wand.
The puff of flame hits you. You resist.
* * * LOW HITPOINT WARNING * * *
Crazy Yiuf zaps a wand.
The puff of flame hits you. You resist.
* * * LOW HITPOINT WARNING * * *
Level annotation: Crazy Yiuf Welcome back, Krypt the Formicid Fighter.
Press ? for a list of commands and other information.
Crazy Yiuf zaps a wand.
The puff of flame hits you. You resist.
You die...

#........# ########.......#
.########## ############## .#
#.g.# #...(..# .# #.#.# #.####.#
g# #.#.# #.# #.# .# #.#.# #.# #.#
.######g#.# #.# #.##########
...g....#g#######.# #.##........
#########.......@.####.##.#######
#...................#
#.######.........####
#.########.#######
#.............# ##########....#
######


You could see Crazy Yiuf.

Vanquished Creatures
  An orc priest (D:3)
  6 adders
  A worm (D:2)
  3 orcs (D:3)
  8 bats
  5 endoplasms
  5 hobgoblins
  11 jackals (D:1)
  5 ball pythons
  3 frilled lizards
  6 goblins
  4 kobolds
  4 rats
62 creatures vanquished.

Notes
Turn   | Place    | Note
-------+----------+-------------------------------------------
     0 | D:1      | Krypt the Formicid Fighter began the quest for the Orb.
     0 | D:1      | Reached XP level 1. HP: 18/18 MP: 1/1
    83 | D:1      | Reached XP level 2. HP: 21/24 MP: 2/2
   528 | D:1      | Reached XP level 3. HP: 29/29 MP: 3/3
   976 | D:2      | Reached XP level 4. HP: 28/37 MP: 4/4
  1309 | D:2      | Found Sokhlopna's Assorted Antiques.
  1978 | D:2      | Reached XP level 5. HP: 42/42 MP: 5/5
  2168 | D:3      | Found a faded altar of an unknown god.
  2416 | D:3      | Gained mutation: Your flesh is heat resistant. (rF+)
                  | [potion of mutation]
  2416 | D:3      | Gained mutation: Your system is resistant to poisons.
                  | (rPois) [potion of mutation]
  2883 | D:3      | Found a runed translucent door.
  2884 | D:3      | Noticed Crazy Yiuf
  3580 | D:3      | Killed from afar by Crazy Yiuf

Illustrated notes

Levels and vault maps discovered:
D:1:      minmay_arrival_jagged, layout_basic, minmay_unequal
D:2:      layout_basic, serial_shops, nicolae_shop_overgrown_old_shop
D:3:      layout_basic, shapermc_ecumenical_altar_pompeii,
          uniq_crazy_yiuf_cottage

Skill      XL: |  1  2  3  4  5 |
---------------+----------------+-----
Shields        | 4 |  4.3
Axes           | 3 |  3.8
Armour         | 4 |  4.1
Fighting       | |  3.9
Dodging        | |  0.4
Stealth        | |  0.1

Action                   |  1- 3 |  4- 6 || total
-------------------------+-------+-------++-------
Melee: War axe           |    86 |    69 ||   155
  Use: Scroll            |     5 |     3 ||     8
       Potion            |       |     2 ||     2
Armor: Scale mail        |    60 |    25 ||    85
Dodge: Dodged            |    37 |    25 ||    62
Block: Buckler           |    14 |       ||    14
       Kite shield       |    29 |    33 ||    62

Table legend: (Time is in decaauts)
 A = Elapsed time spent in this place.
 B = Non-inter-level travel time spent in this place.
 C = Inter-level travel time spent in this place.
 D = Time resting spent in this place.
 E = Time spent auto-exploring this place.
 F = Levels seen in this place.
 G = Mean time per level.
                   A        B        C        D        E       F      G
               +--------+--------+--------+--------+--------+-----+--------+
         Total |   3652 |   3543 |    109 |    701 |   2277 |   3 | 1217.3 |
       Dungeon |   3652 |   3543 |    109 |    701 |   2277 |   3 | 1217.3 |
               +--------+--------+--------+--------+--------+-----+--------+

Top non-repeatable levels by time:
     D:3: 1475 daAuts
     D:2: 1252 daAuts
     D:1: 924 daAuts
